Map: Orbital Shipyard

Players

WESTWOOD

  • Race: Protoss Protoss
  • League: Diamond

MorN - Winner!

  • Race: Terran Terran
  • League: Master

VOD

Have the link to the VOD?

Description

Time

  • Played on: Nov. 22, 2015, 8:23 p.m.
  • Length: 7:33
Show
View Real Time Build Order
Export as new Build Order

WESTWOOD Protoss 

Build Orders: 1 Gate Expand 

Get SALT Encoding   

  12  0:01  Probe (Chrono Boost)  
  13  0:11  Probe (Chrono Boost)  
  14  0:17  Pylon  
  14  0:22  Probe (Chrono Boost)  
  15  0:36  Probe (Chrono Boost), Gateway  
  15  0:42  Assimilator  
  16  0:46  Probe (Chrono Boost)  
  18  0:57  Probe (Chrono Boost)  
  18  1:07  Probe (Chrono Boost)  
  19  1:18  Probe (Chrono Boost)  
  20  1:27  Nexus  
  20  1:39  Cybernetics Core  
  20  1:49  Pylon  
  20  1:51  Assimilator  
  20  1:53  Probe (Chrono Boost)  
  20  2:04  Probe (Chrono Boost)  
  21  2:14  Probe (Chrono Boost)  
  21  2:15  Adept  
  24  2:21  Warp Gate (Chrono Boost)  
  24  2:25  Mothership Core (Chrono Boost)  
  26  2:40  Probe (Chrono Boost)  
  26  2:43  Probe (Chrono Boost)  
  30  2:50  Probe (Chrono Boost)  
  30  2:52  Robotics Facility  
  30  2:56  Probe  
  32  3:00  Probe  
  31  3:13  Gateway  
  31  3:15  Gateway  
  31  3:16  Gateway  
  31  3:19  Probe  
  31  3:20  Probe  
  33  3:30  Probe  
  33  3:32  Probe  
  35  3:39  Assimilator  
  35  3:41  Probe  
  35  3:43  Observer (Chrono Boost)  
  35  3:44  Probe  
  35  3:45  Assimilator  
  38  3:51  Pylon  
  38  3:53  Probe  
  39  3:56  Probe, Pylon  
  40  4:06  Probe (Chrono Boost)  
  40  4:08  Probe (Chrono Boost)  
  42  4:10  Warp Prism  
  44  4:17  Probe (Chrono Boost)  
  44  4:19  Probe (Chrono Boost)  
  46  4:28  Probe (Chrono Boost)  
  46  4:29  Adept  
  46  4:30  Probe (Chrono Boost), Adept x2  
  54  4:34  Pylon  
  55  4:38  Probe (Chrono Boost)  
  55  4:40  Probe (Chrono Boost)  
  56  4:46  Observer  
  56  4:47  Stargate  
  56  4:49  Probe (Chrono Boost)  
  56  4:50  Stargate  
  56  4:51  Probe (Chrono Boost)  
  59  4:59  Probe (Chrono Boost)  
  60  5:01  Probe (Chrono Boost)  
  61  5:16  Probe (Chrono Boost)  
  62  5:23  Probe (Chrono Boost)  
  62  5:26  Stalker  
  62  5:27  Stalker x2  
  69  5:31  Nexus  
  69  5:33  Pylon  
  69  5:41  Fleet Beacon  
  69  5:46  Pylon  
  69  5:57  Probe (Chrono Boost)  
  69  6:02  Pylon  
  70  6:05  Assimilator  
  70  6:07  Observer  
  70  6:11  Assimilator  
  71  6:20  Pylon  
  83  6:35  Adept x4  
  91  6:56  Adept x2  
  91  6:57  Adept x2  
  91  7:11  Pylon  
  91  7:13  Pylon  
  91  7:15  Pylon  
  83  7:16  Pylon  
  83  7:20  Robotics Bay  
  72  7:25  Adept x4  
Show
View Real Time Build Order
Export as new Build Order

MorN Terran - Winner!

Build Orders: Cyclone Opening, MMM Bio 

Get SALT Encoding   

  12  0:01  SCV  
  13  0:13  SCV  
  14  0:18  Supply Depot  
  14  0:25  SCV  
  15  0:40  SCV  
  15  0:41  Barracks  
  16  0:44  Refinery  
  16  0:52  SCV  
  17  1:04  SCV  
  18  1:16  SCV  
  19  1:29  Marine  
  19  1:30  Orbital Command  
  20  1:44  Command Center  
  20  1:52  Factory  
  20  1:58  Marine  
  21  2:09  Supply Depot  
  21  2:12  SCV  
  22  2:17  Marine  
  23  2:30  SCV  
  23  2:35  Marine  
  25  2:37  Barracks  
  25  2:38  Factory Tech Lab  
  25  2:43  SCV  
  25  2:52  Marine  
  25  2:55  SCV  
  25  2:56  Orbital Command  
  27  2:59  Cyclone  
  30  3:07  SCV  
  30  3:10  Engineering Bay  
  31  3:12  Marine  
  31  3:16  Refinery  
  31  3:19  SCV  
  33  3:22  SCV  
  34  3:31  SCV  
  35  3:36  Stimpack  
  35  3:37  SCV  
  35  3:40  Missile Turret  
  36  3:43  SCV, Marine x2  
  39  3:49  SCV  
  39  3:52  Factory Reactor  
  39  3:54  Barracks  
  40  3:56  SCV  
  40  4:01  SCV  
  42  4:04  Barracks Tech Lab  
  42  4:08  SCV  
  43  4:13  SCV  
  43  4:14  Supply Depot  
  43  4:15  Marine  
  45  4:20  SCV  
  45  4:21  Refinery  
  45  4:23  Combat Shields  
  46  4:29  Supply Depot  
  46  4:30  Terran Infantry Weapons Level 1  
  46  4:36  SCV x2  
  48  4:48  SCV x2  
  48  4:50  Starport  
  50  4:54  Marine x3  
  50  4:55  Factory Reactor  
  50  4:59  Supply Depot  
  53  5:00  SCV  
  53  5:03  Command Center  
  53  5:04  Marauder  
  56  5:07  SCV  
  56  5:11  Missile Turret  
  57  5:15  Marauder  
  57  5:16  Marine x2  
  61  5:22  SCV, Supply Depot  
  61  5:25  Marauder  
  65  5:35  SCV  
  65  5:36  Refinery  
  65  5:37  Medivac  
  65  5:38  Supply Depot, Medivac  
  65  5:41  Marine  
  70  5:42  Factory Reactor  
  70  5:43  Marine  
  70  5:44  Marauder  
  73  5:56  Marauder  
  72  5:58  SCV  
  72  6:00  Supply Depot, SCV  
  72  6:02  Supply Depot  
  74  6:05  Marauder, Marine x2  
  78  6:18  Marauder  
  80  6:19  Medivac x2  
  80  6:21  SCV  
  80  6:23  Marine x2  
  87  6:31  Marauder  
  89  6:37  Barracks  
  89  6:38  Barracks  
  88  6:42  Supply Depot, Marine  
  88  6:43  Supply Depot, Marauder, Marine  
  82  7:01  Marine x3  
  77  7:08  Marine  
Tags
 
Add a new tag
Caveats
  • Supply blocks, unpowered buildings, or Contaminate may cause inaccurate times.
  • Supply counts are checked every 10 seconds.